 Dungeon Crawl Stone Soup version 0.19.0-2-gae57169 (webtiles) character file.

6874 Bekkur the Carver (level 10, -3/65 HPs)
             Began as a Demonspawn Gladiator on Nov 6, 2016.
             Was a Follower of Qazlal.
             Splashed by an oklob plant's acid (14 damage)
             ... on level 9 of the Dungeon on Nov 7, 2016.
             The game lasted 00:33:03 (8393 turns).

Bekkur the Carver (Demonspawn Gladiator)            Turns: 8393, Time: 00:33:03

Health: -3/65      AC:  6    Str: 15      XL:     10   Next: 78%
Magic:  10/10      EV: 15    Int: 12 (13) God:    Qazlal [*.....]
Gold:   398        SH:  7    Dex: 14      Spells: 0 memorised, 9 levels left

rFire  + . .     SeeInvis .     J - +0 scimitar (curse)
rCold  + . .     Gourm    .     v - +2 ring mail {rC+}
rNeg   . . .     Faith    .     K - +0 buckler
rPois  +         Spirit   .     (helmet restricted)
rElec  .         Reflect  .     w - +0 cloak
rCorr  .         Harm     .     s - +1 pair of gloves
MR     .....                    q - +0 pair of boots
Stlth  +.........               (no amulet)
                                n - ring of fire
                                l - ring of protection from cold

@: corroded
A: horns 1, yellow scales 2, clever 1, clumsy 1, deterioration 1, frail 1, foul
stench 1, poison resistance, powered by pain 1, rot immunity
a: Renounce Religion


You were on level 9 of the Dungeon.
You worshipped Qazlal.
Qazlal was aware of your devotion.
You were not hungry.

You visited 2 branches of the dungeon, and saw 10 of its levels.

You collected 470 gold pieces.
You spent 72 gold pieces at shops.

Inventory:

Hand Weapons
 a - a +1 long sword
 z - a +0 halberd of freezing
 J - a cursed +0 scimitar (weapon)
Missiles
 d - 5 throwing nets (quivered)
 C - 2 poisoned javelins
Armour
 q - a +0 pair of boots (worn)
 s - a +1 pair of gloves (worn)
 v - a +2 ring mail of cold resistance (worn)
 w - a +0 cloak (worn)
 y - a +0 shield
 K - a +0 buckler (worn)
Magical Staves
 F - an uncursed staff of energy {unknown}
Jewellery
 e - an uncursed ring of wizardry
 l - a ring of protection from cold (left hand)
 n - a ring of fire (right hand)
 x - an uncursed ring of flight
Wands
 r - a wand of flame (7/48)
 t - a wand of paralysis (1/24)
 I - a wand of flame (11/48)
 M - a wand of flame (8/48)
Scrolls
 g - 5 scrolls of teleportation
 k - 4 scrolls of remove curse
 o - 2 scrolls of magic mapping
 L - a scroll of enchant weapon
Potions
 b - 2 potions of cure mutation
 h - a potion of cancellation {unknown}
 m - a potion of brilliance
 u - a potion of degeneration
 A - a potion of flight
 B - a potion of resistance {unknown}
 E - 2 potions of curing
Books
 j - a book of Air

   Spells                             Type                      Level
   a - Shock                          Conjuration/Air              1
   b - Swiftness                      Charms/Air                   2
   c - Repel Missiles                 Charms/Air                   2
   d - Static Discharge               Conjuration/Air              3
   e - Lightning Bolt                 Conjuration/Air              5
Comestibles
 c - 2 slices of pizza
 f - 10 bread rations
 i - 2 meat rations
 p - 5 fruits
 H - a beef jerky


   Skills:
 + Level 4.8 Fighting
 + Level 11.4 Long Blades
 - Level 1.7 Throwing
 - Level 7.5 Dodging
 - Level 6.2 Shields


You had 9 spell levels left.
You didn't know any spells.

Dungeon Overview and Level Annotations

Branches:
Dungeon (9/15)             Temple (1/1) D:6            Lair (0/6) D:9
    Orc: D:9-12

Altars:
Ashenzari
Cheibriados
Dithmenos
Elyvilon
Fedhas
Gozag
Hepliaklqana
Kikubaaqudgha
Makhleb
Okawaru
Qazlal
Ru
Sif Muna
Trog
Uskayaw
Vehumet
Xom
Yredelemnul
Zin
The Shining One

Shops:
D:4 *

Annotations:
D:3 exclusion: downstairs, Sigmund
D:4 exclusion: downstairs, cerberus's ghost, amateur HOWz
D:7 4 runed doors, exclusion: 2 downstairs
D:9 exclusion: oklob plant


Innate Abilities, Weirdness & Mutations

You have a pair of small horns on your head.
You are mostly covered in yellow scales. (AC +3)
You may emit foul miasma when damaged in melee.
You sometimes gain a little power by taking damage.
You are immune to rotting.
Your mind is acute. (Int +2)
You are clumsy. (Dex -2)
Your body sometimes deteriorates upon taking damage.
You are frail. (-10% HP)
Your system is resistant to poisons. (rPois)


Message History

The oklob plant is lightly damaged.
The oklob plant spits acid at you. The splash of acid hits you!
Your body deteriorates!
You feel dopey. The acid corrodes you!
You are splashed with acid!
The acid burns!
You hit the oklob plant but do no damage.
The oklob plant is lightly damaged.
You hit the oklob plant.
The oklob plant is lightly damaged.
The oklob plant spits acid at you. The splash of acid hits you!
The acid corrodes you!
You are splashed with acid!
The acid burns!
* * * LOW HITPOINT WARNING * * *
You are too injured to fight recklessly!
You see here a fruit.
The oklob plant spits acid at you. The splash of acid hits you!
* * * LOW HITPOINT WARNING * * *
You are splashed with acid!
The acid burns!
You die...

..####.####..#PPPP..≈≈≈≈≈≈≈≈≈...P
.###...########PP♣.≈≈≈≈≈≈≈≈≈≈≈..P
.....#.......#PP#P.≈≈≈≈...≈≈≈≈.##
..........#..#♣♣♣......._.≈≈≈≈...
.............##P#P.≈≈≈≈...≈≈≈≈.##
.............#.PP..≈≈≈≈≈≈≈≈≈≈≈.P.
.............###PP..≈≈≈≈≈≈≈≈≈..#P
..........#..#PPP.P..≈≈≈≈≈≈≈..P♣P
#..[##...#####P#@PPP..≈≈≈≈≈..P.P
########## #P.%PPPP.......PP#♣
##%.♣PP♣PP#♣.P#PP


#PP..PPP##♣P♣PPP♣ #♣PP.##P♣ PPPPP PP ########## You could see an oklob plant.

Vanquished Creatures
  Erolcha (D:9)
  A hydra (D:8)
  Joseph (D:7)
  2 trolls
  A hornet (D:8)
  A wyvern (D:9)
  A spriggan (D:7)
  2 hungry ghosts (D:7)
  2 hell hounds (D:9)
  Duvessa (D:6)
  3 ice beasts
  An orc warrior (D:8)
  A phantom (D:4)
  5 ogres
  3 sky beasts
  2 centaurs
  2 big kobolds
  4 bullfrogs
  A wyvern skeleton (D:6)
  Dowan (D:6)
  A scorpion (D:4)
  12 killer bees
  3 wights (D:8)
  4 howler monkeys
  A quasit (D:5)
  A jelly (D:7)
  3 orc priests
  3 hounds
  5 orc wizards
  2 centaur skeletons
  Ijyb (D:2)
  7 worker ants
  3 iguanas
  A killer bee zombie (D:7)
  A hound zombie (D:5)
  A howler monkey zombie (D:6)
  13 gnolls
  A howler monkey skeleton (D:4)
  10 adders
  3 shadow imps
  An adder skeleton (D:4)
  An adder zombie (D:6)
  3 worms
  4 dart slugs
  2 leopard geckos
  19 orcs
  A ball python (D:1)
  9 bats
  6 giant cockroaches
  7 hobgoblins
  17 jackals
  14 kobolds
  4 quokkas
  4 frilled lizards
  8 goblins
  2 quokka skeletons (D:7)
  6 rats
  A bush (D:9)
221 creatures vanquished.

Notes
Turn   | Place    | Note
-------+----------+-------------------------------------------
     0 | D:1      | Bekkur the Demonspawn Gladiator began the quest for the Orb.
     0 | D:1      | Reached XP level 1. HP: 16/16 MP: 1/1
    46 | D:1      | Reached skill level 3 in Long Blades
    94 | D:1      | You fall through a shaft!
    99 | D:2      | Gained mutation: You are immune to rotting. [demonic ancestry]
    99 | D:2      | Reached XP level 2. HP: 19/22 MP: 2/2
   387 | D:1      | Reached XP level 3. HP: 27/27 MP: 3/3
   717 | D:2      | Reached skill level 4 in Long Blades
  1064 | D:3      | Noticed Ijyb
  1082 | D:2      | Killed Ijyb
  1082 | D:2      | Gained mutation: You may emit foul miasma when damaged in melee. [demonic ancestry]
  1082 | D:2      | Reached XP level 4. HP: 31/33 MP: 4/4
  1175 | D:2      | Reached skill level 5 in Long Blades
  1516 | D:3      | Reached XP level 5. HP: 25/38 MP: 5/5
  2028 | D:3      | Found a sacrificial altar of Ru.
  2028 | D:3      | Found a shadowy altar of Dithmenos.
  2028 | D:3      | Found a basalt altar of Yredelemnul.
  2028 | D:3      | Found an iron altar of Okawaru.
  2131 | D:3      | Noticed Sigmund
  2177 | D:4      | Reached skill level 6 in Long Blades
  2218 | D:4      | Noticed a phantom
  2275 | D:4      | Killed a phantom
  2275 | D:4      | Gained mutation: You are partially covered in yellow scales. (AC +2) [demonic ancestry]
  2275 | D:4      | Reached XP level 6. HP: 36/46 MP: 6/6
  2413 | D:4      | Found Foipy's General Store.
  2431 | D:4      | Bought 2 potions of curing for 72 gold pieces
  2656 | D:4      | Noticed cerberus's ghost (amateur HOWz)
  2770 | D:5      | Entered Level 5 of the Dungeon
  2787 | D:5      | Found an ancient bone altar of Kikubaaqudgha.
  2930 | D:5      | Reached XP level 7. HP: 45/53 MP: 7/7
  3553 | D:5      | Reached skill level 5 in Dodging
  4071 | D:6      | Noticed Duvessa
  4090 | D:6      | Gained mutation: You have a pair of small horns on your head. [demonic ancestry]
  4090 | D:6      | Reached XP level 8. HP: 28/61 MP: 8/8
  4253 | D:6      | Noticed Dowan
  4258 | D:6      | Killed Dowan
  4470 | D:7      | Noticed Joseph
  4494 | D:7      | Killed Joseph
  4725 | D:7      | Found a huge runed gate.
  4725 | D:7      | Found a huge runed gate.
  4725 | D:7      | Found a huge runed gate.
  4725 | D:7      | Found a huge runed gate.
  4725 | D:7      | Noticed a manticore
  4725 | D:7      | Noticed a hippogriff
  4726 | D:7      | Noticed a polar bear
  4726 | D:7      | Noticed a polar bear
  4726 | D:7      | Noticed a hippogriff
  4726 | D:7      | Noticed a polar bear
  4726 | D:7      | Noticed a polar bear
  4726 | D:7      | Noticed a hippogriff
  4806 | D:7      | Found a shimmering altar of Xom.
  4806 | D:7      | Found a blossoming altar of Fedhas.
  4979 | D:7      | Reached skill level 7 in Long Blades
  5284 | D:7      | Gained mutation: You are mostly covered in yellow scales. (AC +3) [demonic ancestry]
  5284 | D:7      | Reached XP level 9. HP: 62/66 MP: 9/9
  5323 | D:7      | Reached skill level 8 in Long Blades
  5546 | D:6      | Killed Duvessa
  5717 | D:6      | Found a staircase to the Ecumenical Temple.
  5723 | Temple   | Entered the Ecumenical Temple
  5785 | Temple   | Became a worshipper of Qazlal Stormbringer
  6157 | D:8      | Noticed a troll
  6167 | D:8      | Reached skill level 9 in Long Blades
  6473 | D:7      | Killed a troll
  6473 | D:7      | Reached skill level 10 in Long Blades
  6647 | D:8      | Found a large runed door.
  6653 | D:8      | Found a large runed door.
  6687 | D:8      | Reached * piety under Qazlal
  6825 | D:8      | Gained mutation: Your system is resistant to poisons. (rPois) [mutagenic meat]
  7251 | D:8      | Gained mutation: You sometimes gain a little power by taking damage. [demonic ancestry]
  7251 | D:8      | Reached XP level 10. HP: 58/73 MP: 10/10
  7341 | D:8      | Found a burning altar of Makhleb.
  7341 | D:8      | Noticed an eight-headed hydra
  7358 | D:8      | Found a bloodstained altar of Trog.
  7369 | D:8      | Paralysed by a hornet for 3 turns
  7434 | D:9      | Found a staircase to the Lair.
  7449 | D:9      | Noticed Erolcha
  7506 | D:9      | Killed Erolcha
  7609 | D:9      | Reached skill level 5 in Shields
  7716 | D:8      | Killed a nine-headed hydra
  7901 | D:9      | Reached skill level 11 in Long Blades
  8083 | D:9      | Gained mutation: You are frail. (-10% HP) [mutagenic meat]
  8084 | D:9      | Gained mutation: You are clumsy. (Dex -2) [mutagenic meat]
  8085 | D:9      | Gained mutation: Your body sometimes deteriorates upon taking damage. [mutagenic meat]
  8089 | D:9      | Gained mutation: Your mind is acute. (Int +2) [mutagenic meat]
  8335 | D:9      | Found a blossoming altar of Fedhas.
  8356 | D:9      | Noticed an oklob plant
  8393 | D:9      | Splashed by an oklob plant's acid

Skill      XL: |  1  2  3  4  5  6  7  8  9 10 |
---------------+-------------------------------+-----
Long Blades    | 3 4 5 6 7 10 11 | 11.4
Dodging        | 3 4 5 7 |  7.5
Fighting       | 3 4 |  4.8
Shields        | 6 |  6.2
Throwing       | |  1.7

Action                   |  1- 3 |  4- 6 |  7- 9 | 10-12 || total
-------------------------+-------+-------+-------+-------++-------
Melee: Long sword        |   122 |   229 |   486 |       ||   837
       Headbutt          |       |       |    87 |    59 ||   146
       Scimitar          |       |       |     5 |   178 ||   183
Evoke: Wand              |       |       |       |    20 ||    20
  Use: Scroll            |     3 |     8 |     7 |       ||    18
       Potion            |       |     1 |     5 |     2 ||     8
 Stab: Distracted        |       |     1 |       |       ||     1
  Eat: Chunk             |     1 |     6 |    14 |    10 ||    31
       Fruit             |       |       |     1 |       ||     1
       Pizza             |       |       |     1 |       ||     1
       Meat ration       |       |       |     1 |       ||     1
Armor: Leather armour    |     8 |       |       |       ||     8
       Scale mail        |    54 |    38 |       |       ||    92
       Ring mail         |       |    79 |   189 |    49 ||   317
       Skin              |       |    22 |     3 |       ||    25
Dodge: Dodged            |    86 |   178 |   359 |   102 ||   725
Block: Other             |       |       |     3 |       ||     3
       Buckler           |       |       |     1 |    68 ||    69
       Rpst.: Long sword |    28 |    43 |   106 |       ||   177
       Scimitar          |       |       |     1 |    36 ||    37
